 Dungeon Crawl Stone Soup version 0.24-a0-139-geb6712d (webtiles) character file.

Game seed: 8264151926081630507

102 imreas the Charmwright (level 4, -7/38 HPs)
             Began as a Gnoll Skald on Mar 1, 2019.
             Was an Initiate of Nemelex Xobeh.
             Killed from afar by Natasha (12 damage)
             ... with a wand of flame (4)
             ... on level 2 of the Dungeon.
             The game lasted 00:03:08 (1593 turns).

imreas the Charmwright (Gnoll Skald)                Turns: 1593, Time: 00:03:09

Health: -7/38      AC:  6    Str: 14    XL:     4   Next: 78%
Magic:  20/20      EV: 11    Int: 15    God:    Nemelex Xobeh [......]
Gold:   76         SH:  0    Dex: 15    Spells: 12/13 levels left

rFire    . . .     SeeInvis .   a - +0 falchion
rCold    . . .     Gourm    .   (no shield)
rNeg     + . .     Faith    .   h - +0 scale mail
rPois    .         Spirit   .   (no helmet)
rElec    .         Reflect  .   (no cloak)
rCorr    .         Harm     .   (no gloves)
MR       .....                  (no boots)
Stlth    ..........             (no amulet)
HPRegen  0.12/turn              f - ring of magical power
MPRegen  0.17/turn              k - ring of positive energy

@: very slightly contaminated, hasted and slowed, invisible
A: distributed training, fangs 1, strong nose
a: Draw Escape, Draw Destruction, Draw Summoning, Renounce Religion


You were on level 2 of the Dungeon.
You worshipped Nemelex Xobeh.
Nemelex Xobeh was noncommittal.
You were not hungry.

You visited 1 branch of the dungeon, and saw 2 of its levels.

You collected 76 gold pieces.

Inventory:

Hand Weapons
 a - a +0 falchion (weapon)
Armour
 b - a +0 leather armour
 h - a +0 scale mail (worn)
Jewellery
 f - a ring of magical power (left hand)
 k - a ring of positive energy (right hand)
Scrolls
 e - 2 scrolls of remove curse {unknown}
 g - a scroll of teleportation {unknown}
 j - 2 scrolls of random uselessness {unknown}
 l - a scroll of identify {unknown}
Comestibles
 d - 2 rations


   Skills:
 + Level 4.7 Fighting
 + Level 1.2 Short Blades
 + Level 4.7 Long Blades
 + Level 1.2 Axes
 + Level 1.2 Maces & Flails
 + Level 1.2 Polearms
 + Level 1.2 Staves
 + Level 1.2 Slings
 + Level 1.2 Bows
 + Level 1.2 Crossbows
 + Level 1.2 Throwing
 + Level 2.8 Armour
 + Level 4.7 Dodging
 + Level 1.2 Stealth
 + Level 1.2 Shields
 + Level 1.2 Unarmed Combat
 + Level 5.1 Spellcasting
 + Level 1.0 Conjurations
 + Level 1.0 Hexes
 + Level 5.5 Charms
 + Level 1.0 Summonings
 + Level 1.0 Necromancy
 + Level 1.0 Translocations
 + Level 1.0 Transmutations
 + Level 1.0 Fire Magic
 + Level 1.0 Ice Magic
 + Level 1.0 Air Magic
 + Level 1.0 Earth Magic
 + Level 1.0 Poison Magic
 + Level 1.3 Invocations
 + Level 1.2 Evocations


You had 12 spell levels left.
You knew the following spells:

 Your Spells              Type           Power        Failure   Level  Hunger
a - Infusion              Chrm           ###.         7%          1    None

Your spell library contained the following spells:

 Spells                   Type           Power        Failure   Level  Hunger
 Song of Slaying          Chrm           ###.....     11%         2    ##.....
 Shroud of Golubria       Chrm/Tloc      ##........   26%         2    ##.....
 Regeneration             Chrm/Necr      ##........   45%         3    ###....
 Spectral Weapon          Hex/Chrm       ##......     45%         3    ###....


Dungeon Overview and Level Annotations

Branches:
Dungeon (2/15)

Altars:
Nemelex Xobeh

Annotations:
D:2 Natasha


Innate Abilities, Weirdness & Mutations

Your experience applies equally to all skills.
You have very sharp teeth.
Your uncanny sense of smell can sniff out nearby items.


Message History

Natasha howls an incantation.
You feel troubled.
Natasha zaps a wand.
The puff of flame hits you!
* * * LOW HITPOINT WARNING * * *
It was a potion of invisibility.
You fade into invisibility!
Natasha stares at you and mumbles some strange words.
You feel yourself slow down.
You are very lightly contaminated with residual magic.
It was a potion of haste.
You feel yourself speed up.
Natasha stares at you and mumbles some strange words.
You resist with some effort.
Unknown command.
Natasha zaps a wand.
The puff of flame hits you.
* * * LOW HITPOINT WARNING * * *
You slash Natasha!
Natasha is heavily wounded.
Natasha zaps a wand.
The puff of flame hits you!
You die...
Your body disappears without a glow.

#.............#
#.#...#
#.............#
#.#...#
#.............#
#.#...#
#.............#
#.#...#
#.............#
#.............#####+#.
#.....................
#...........g..%......
#..........@h.........
##############l.......
#........ #.......)
#........ #........
#........ ..#######
.##


You could see Natasha, a hobgoblin and a frilled lizard.

Vanquished Creatures
  Natasha (twice) (D:2)
  An adder (D:2)
  3 leopard geckos
  An orc (D:2)
  10 bats (D:1)
  A giant cockroach (D:1)
  4 goblins
  2 hobgoblins (D:1)
  2 jackals (D:1)
  3 frilled lizards (D:1)
  5 kobolds
  8 rats
42 creatures vanquished.

Notes
Turn   | Place    | Note
-------+----------+-------------------------------------------
     0 | D:1      | imreas the Gnoll Skald began the quest for the Orb.
     0 | D:1      | Reached XP level 1. HP: 20/20 MP: 6/6
   153 | D:1      | Reached XP level 2. HP: 25/26 MP: 7/7
   279 | D:1      | Reached XP level 3. HP: 27/31 MP: 9/9
   347 | D:1      | Reached skill level 5 in Spellcasting
   767 | D:2      | Reached skill level 1 in Invocations
   842 | D:2      | Found a sparkling altar of Nemelex Xobeh.
   883 | D:2      | Noticed Natasha
   889 | D:2      | Killed Natasha
   889 | D:2      | Reached skill level 1 in Short Blades
   889 | D:2      | Reached skill level 1 in Axes
   889 | D:2      | Reached skill level 1 in Maces & Flails
   889 | D:2      | Reached skill level 1 in Polearms
   889 | D:2      | Reached skill level 1 in Staves
   889 | D:2      | Reached skill level 1 in Slings
   889 | D:2      | Reached skill level 1 in Bows
   889 | D:2      | Reached skill level 1 in Crossbows
   889 | D:2      | Reached skill level 1 in Throwing
   889 | D:2      | Reached skill level 1 in Stealth
   889 | D:2      | Reached skill level 1 in Shields
   889 | D:2      | Reached skill level 1 in Unarmed Combat
   889 | D:2      | Reached skill level 1 in Evocations
   889 | D:2      | Reached XP level 4. HP: 33/38 MP: 11/11
   905 | D:2      | Noticed Natasha
   920 | D:2      | Killed Natasha
   920 | D:2      | Reached skill level 1 in Conjurations
   920 | D:2      | Reached skill level 1 in Hexes
   920 | D:2      | Reached skill level 1 in Summonings
   920 | D:2      | Reached skill level 1 in Necromancy
   920 | D:2      | Reached skill level 1 in Translocations
   920 | D:2      | Reached skill level 1 in Transmutations
   920 | D:2      | Reached skill level 1 in Fire Magic
   920 | D:2      | Reached skill level 1 in Ice Magic
   920 | D:2      | Reached skill level 1 in Air Magic
   920 | D:2      | Reached skill level 1 in Earth Magic
   920 | D:2      | Reached skill level 1 in Poison Magic
  1512 | D:2      | Became a worshipper of Nemelex Xobeh the Trickster
  1535 | D:2      | Found a faded altar of an unknown god.
  1580 | D:2      | Noticed Natasha
  1593 | D:2      | Killed from afar by Natasha

Levels and vault maps discovered:
D:1:      sevenhm_arrival_forest_fort_large_4, layout_basic, minmay_octomino_c4
D:2:      layout_basic, lemuel_round_altar, chequers_ecumenical_altar_twisty,
          kennysheep_another_room, nemelex_xobeh_ov_fountains_minmay,
          uniq_natasha

Skill      XL: |  1  2  3  4 |
---------------+-------------+-----
Spellcasting   | 5 |  5.1
Invocations    | 1 |  1.3
Short Blades   | 1 |  1.2
Axes           | 1 |  1.2
Maces & Flails | 1 |  1.2
Polearms       | 1 |  1.2
Staves         | 1 |  1.2
Slings         | 1 |  1.2
Bows           | 1 |  1.2
Crossbows      | 1 |  1.2
Throwing       | 1 |  1.2
Stealth        | 1 |  1.2
Shields        | 1 |  1.2
Unarmed Combat | 1 |  1.2
Evocations     | 1 |  1.2
Conjurations   | 1 |  1.0
Hexes          | 1 |  1.0
Summonings     | 1 |  1.0
Necromancy     | 1 |  1.0
Translocations | 1 |  1.0
Transmutations | 1 |  1.0
Fire Magic     | 1 |  1.0
Ice Magic      | 1 |  1.0
Air Magic      | 1 |  1.0
Earth Magic    | 1 |  1.0
Poison Magic   | 1 |  1.0
Fighting       | |  4.7
Long Blades    | |  4.7
Armour         | |  2.8
Dodging        | |  4.7
Charms         | |  5.5

Action                   |  1- 3 |  4- 6 || total
-------------------------+-------+-------++-------
Melee: Falchion          |    99 |    23 ||   122
       Bite              |     9 |     2 ||    11
  Use: Potion            |       |     2 ||     2
 Stab: Distracted        |     1 |       ||     1
  Eat: Ration            |       |     1 ||     1
Armor: Leather armour    |    10 |       ||    10
       Scale mail        |     6 |     4 ||    10
Dodge: Dodged            |    91 |     9 ||   100
       Rpst.: Falchion   |    27 |     4 ||    31

Table legend:
 A = Non-vault XP
 B = Vault XP
 C = Vault XP percentage of total XP
 D = Non-vault monster count
 E = Vault monster count
 F = Vault count percentage of total count
                 A         B        C        D         E       F
            +---------+---------+-------+---------+---------+-------
      Total |     106 |      41 |  27.9 |      37 |       5 |  11.9
            +---------+---------+-------+---------+---------+-------
        D:1 |      45 |       5 |  10.0 |      28 |       4 |  12.5
        D:2 |      61 |      36 |  37.1 |       9 |       1 |  10.0
            +---------+---------+-------+---------+---------+-------
